 Dungeon Crawl Stone Soup version 0.31-a0-167-g1c394c0614 (webtiles) character file.

Game seed: 18001126292072154517

86 Moral the Ruffian (level 4, -4/36 HPs)
             Began as a Draconian Transmuter on June 15, 2023.
             Killed from afar by an orc wizard (8 damage)
             ... with a magic dart
             ... on level 3 of the Dungeon.
             The game lasted 00:06:56 (1595 turns).

Moral the Ruffian (Draconian Transmuter)            Turns: 1595, Time: 00:07:00

Health: -4/36      AC:  5    Str: 15    XL:     4   Next: 27%
Magic:  7/8        EV: 12    Int: 13    God:
Gold:   100        SH:  0    Dex: 17    Spells: 7/8 levels left

rFire   . .          .
                       - Unarmed
rCold   . . .        (no shield)
rNeg    . . .        (body armour unavailable)
rPois   .            (helmet currently unavailable)
rElec   .            (no cloak)
rCorr   .            (no gloves)
SInv    .            c - melded +0 pair of boots
Will    .....        (no amulet)
Stlth   ++           e - +6 ring of dexterity
HPRegen 0.26/turn    (no ring)
MPRegen 0.11/turn

%: no passive effects
@: appendages
A: horns 2, talons 2, AC +5, unfitting armour, cold-blooded
a: End Transformation


You were on level 3 of the Dungeon.
You had temporarily grown beastly horns and talons.
You visited 1 branch of the dungeon, and saw 3 of its levels.

You collected 100 gold pieces.

Inventory:

Armour
 c - a +0 pair of boots (melded)
Jewellery
 e - a +6 ring of dexterity (left hand)
 g - a +4 ring of slaying
Scrolls
 h - 4 scrolls of vulnerability {unknown}
 j - a scroll of enchant armour {unknown}
 l - a scroll of teleportation {unknown}
 m - a scroll of identify {unknown}
Potions
 a - 2 potions of lignification
 b - a potion of mutation {unknown}
 d - a potion of magic {unknown}
 f - a potion of might {unknown}
 k - a potion of ambrosia {unknown}


   Skills:
 + Level 1.7 Fighting
 + Level 2.2 Dodging
 * Level 3.5 Unarmed Combat
 * Level 2.7 Spellcasting
 * Level 2.9 Transmutations


You had 7 spell levels left.
You knew the following spells:

 Your Spells              Type           Power      Damage    Failure   Level
a - Beastly Appendage     Tmut           18%        N/A       7%          1

Your spell library contained the following spells:

 Spells                   Type           Power      Damage    Failure   Level
 Wereblood                Tmut           9%         N/A       11%         2
 Spider Form              Tmut/Pois      5%         N/A       36%         3
 Ice Form                 Ice/Tmut       5%         N/A       78%         4


Dungeon Overview and Level Annotations

Branches:
Dungeon (3/15)

Altars:

Shops:
D:2 [!(


Innate Abilities, Weirdness & Mutations

You have temporarily grown beastly horns and talons.
Your plain brown scales are hard. (AC +5)
You cannot fit into any form of body armour.
You are cold-blooded and may be slowed by cold attacks.


Message History

The orc closely misses you.
You're too confused to cast spells.
Unknown command.
Unknown command.
You're too confused to cast spells.
Unknown command.
Unknown command.
The orc attacks as you move away! The orc misses you.
You feel less confused.
Casting: Beastly Appendage (safe; 7% risk of failure)
Confirm with . or Enter, or press ? or * to list all spells.
You grow a pair of large bovine horns.
Your feet morph into talons.
Your +0 pair of boots melds into your body.
The orc wizard mumbles some strange words.
The orc wizard flickers and vanishes!
Deactivating autopickup; reactivate with Ctrl-A.
The orc misses you.
You barely miss the orc. Your kick misses the orc.
You tail-slap the orc, but do no damage.
You punch the orc.
The orc is severely wounded.
The orc hits you with a +0 flail.
You hit the orc but do no damage. Your kick misses the orc.
Your headbutt misses the orc.
The orc is severely wounded.
The orc hits you with a +0 flail. Something hits you.
You hit the orc. Your headbutt misses the orc.
The orc is severely wounded.
The orc closely misses you.
You hear some strange, mumbled words.
A magic dart appears from out of thin air!
The magic dart hits you!
* * * LOW HITPOINT WARNING * * *
As you read the scroll labelled WAICWAGOHUE, it crumbles to dust.
The scroll dissolves into smoke.
It was a scroll of fog.
The orc barely misses you.
You hear some strange, mumbled words.
A magic dart appears from out of thin air!
The magic dart hits you!
You die...

####.#.....###.#.....##.## .
###....###.# #.##...##...#..
....#....<.# #.# #.##.......
......>###.# #.# #.#........
##.#....##.###)###.)........
#.#........##....##.....?..
#.#......#...§§§§###.......
#.#........###{o§# #...#..
#.##...##.## ##@## ...# . ..
##.###.# #§# ..... .. #.#
#.# #§# ..... #.# #.# #.#
..... #.. ... ... ### ###
###


You could see an orc.

Vanquished Creatures
  3 adders (D:2)
  A worm (D:2)
  A dart slug (D:3)
  An orc (D:3)
  An endoplasm (D:1)
  3 giant cockroaches
  8 hobgoblins
  6 jackals (D:2)
  4 quokkas
  3 ball pythons
  2 bats
  A frilled lizard (D:3)
  3 goblins
  9 kobolds
  3 rats
49 creatures vanquished.

Notes
Turn   | Place    | Note
-------+----------+-------------------------------------------
     0 | D:1      | Moral the Draconian Transmuter began the quest for the Orb.
     0 | D:1      | Reached XP level 1. HP: 16/16 MP: 3/3
   118 | D:1      | Reached XP level 2. HP: 15/23 MP: 3/5
   765 | D:2      | Found Lefiotha's Antique Armour Emporium.
   807 | D:2      | Reached XP level 3. HP: 22/28 MP: 4/6
   838 | D:2      | Identified the +4 short sword of Qauphy {drain, Int+5
                  | Dex+6}
   898 | D:2      | Found Anyenwea's Distillery.
  1036 | D:2      | Found Toptomar's Weapon Emporium.
  1234 | D:2      | Reached XP level 4. HP: 32/36 MP: 7/7
  1595 | D:3      | Killed from afar by an orc wizard

Illustrated notes

Levels and vault maps discovered:
D:1:      scummos_arrival_forest, layout_basic, chequers_serial_rivers_marsh
D:2:      layout_loops_ring, serial_shops, nicolae_shop_just_a_little_nook,
          shop, shop
D:3:      layout_loops_ring, lemuel_coloured_pillars_altar,
          basic_ecumenical_altar, biasface_ghost_orc_armoury

Skill      XL: |  1  2  3 |
---------------+----------+-----
Dodging        | 2 |  2.2
Fighting       | |  1.7
Unarmed Combat | |  3.5
Spellcasting   | |  2.7
Transmutations | |  2.9

Action                     |  1- 3 |  4- 6 || total
---------------------------+-------+-------++-------
  Melee: Unarmed           |   107 |    27 ||   134
         Kick              |    27 |     7 ||    34
         Headbutt          |    11 |     4 ||    15
         Tailslap          |    11 |     3 ||    14
         Punch             |     2 |     1 ||     3
   Cast: Beastly Appendage |    20 |     6 ||    26
    Use: Scroll            |       |     1 ||     1
   Stab: Distracted        |     1 |       ||     1
         Sleeping          |       |     1 ||     1
 Armour: Skin              |    36 |     6 ||    42
  Dodge: Dodged            |    99 |    20 ||   119

Table legend: (Time is in decaauts)
 A = Elapsed time spent in this place.
 B = Non-inter-level travel time spent in this place.
 C = Inter-level travel time spent in this place.
 D = Time resting spent in this place.
 E = Time spent auto-exploring this place.
 F = Levels seen in this place.
 G = Mean time per level.
                   A        B        C        D        E       F      G
               +--------+--------+--------+--------+--------+-----+--------+
         Total |   1588 |   1588 |      0 |    100 |   1041 |   3 |  529.3 |
       Dungeon |   1588 |   1588 |      0 |    100 |   1041 |   3 |  529.3 |
               +--------+--------+--------+--------+--------+-----+--------+

Top non-repeatable levels by time:
     D:2: 764 daAuts
     D:1: 736 daAuts
     D:3: 87 daAuts
